 Dungeon Crawl Stone Soup version 0.17-a0-1989-gfb2cd5c (webtiles) character file.

704 Morphine the Conjurer (level 7, -16/36 HPs)
             Began as a Deep Elf Conjurer on Oct 7, 2015.
             Was an Initiate of Vehumet.
             Demolished by an orc warrior
             ... wielding a +0 flail
              (21 damage)
             ... on level 6 of the Dungeon.
             The game lasted 00:26:11 (4139 turns).

Morphine the Conjurer (Deep Elf Conjurer)           Turns: 4139, Time: 00:26:14

Health: -16/36     AC:  5    Str:  5    XL:     7   Next: 39%
Magic:  4/16       EV: 21    Int: 22    God:    Vehumet [......]
Gold:   244        SH:  5    Dex: 20    Spells: 5 memorised, 2 levels left

rFire  . . .     SeeInvis .     j - +0 whip (venom)
rCold  + . .     Clarity  .     a - +0 robe
rNeg   . . .     SustAt   +     q - +0 buckler
rPois  .         Gourm    .     (no helmet)
rElec  .         Spirit   .     (no cloak)
rCorr  .         Warding  .     h - +2 pair of gloves
rMut   .         Stasis   .     (no boots)
MR     .....                    (no amulet)
Stlth  ++++......               x - ring of sustain attributes
                                y - ring of protection from cold

@: agile, not resistant to hostile enchantments, stealthy
A: no striking features
a: Renounce Religion


You were on level 6 of the Dungeon.
You worshipped Vehumet.
Vehumet was noncommittal.
You were not hungry.

You visited 2 branches of the dungeon, and saw 7 of its levels.

You collected 244 gold pieces.

Inventory:

Hand Weapons
 j - a +0 whip of venom (weapon)
Missiles
 g - 111 arrows
 k - 22 tomahawks (quivered)
 B - 5 poisoned needles
Armour
 a - a +0 robe (worn)
 d - a +1 shield
 h - a +2 pair of gloves (worn)
 q - a +0 buckler (worn)
 u - a +0 pair of gloves
Jewellery
 l - an uncursed amulet of rage
 x - a ring of sustain attributes (right hand)
 y - a ring of protection from cold (left hand)
Wands
 v - a wand of disintegration (13)
 G - a wand of magic darts (13)
Scrolls
 e - 2 scrolls of remove curse
 r - 3 scrolls of identify
 w - a scroll of random uselessness {unknown}
 D - a scroll of blinking {unknown}
Potions
 f - a potion of agility
 p - a potion of lignification {unknown}
 s - a potion of curing {unknown}
 t - 2 potions of might {unknown}
 A - 2 potions of poison {unknown}
 C - 2 potions of berserk rage {unknown}
 F - a potion of brilliance {unknown}
Books
 b - a book of Conjurations

   Spells                             Type                      Level
   a - Magic Dart                     Conjuration                  1
   b - Searing Ray                    Conjuration                  2
   c - Dazzling Spray                 Conjuration/Hexes            3
   d - Fulminant Prism                Conjuration/Hexes            4
   e - Iskenderun's Mystic Blast      Conjuration                  4
   f - Iskenderun's Battlesphere      Conjuration/Charms           5
 E - a book of Fire

   Spells                             Type                      Level
   a - Ignite Poison                  Fire/Transmutation/Poison    3
   b - Fireball                       Conjuration/Fire             5
   c - Bolt of Fire                   Conjuration/Fire             6
   d - Delayed Fireball               Conjuration/Fire             7
   e - Ring of Flames                 Charms/Fire                  7
Comestibles
 c - 3 bread rations
 m - 3 meat rations


   Skills:
 + Level 5.7 Dodging
 - Level 3.0 Stealth
 + Level 3.1 Shields
 - Level 5.0 Spellcasting
 * Level 6.4 Conjurations


You had 2 spell levels left.
You knew the following spells:

 Your Spells              Type           Power        Failure   Level  Hunger
a - Magic Dart            Conj           ####         1%          1    None
b - Searing Ray           Conj           ####..       1%          2    None
c - Iskenderun's Mystic   Conj           ####....     10%         4    ####...
d - Ignite Poison         Fire/Trmt/Pois #.......     38%         3    ##.....
e - Fulminant Prism       Conj/Hex       ###.......   34%         4    ####...


Dungeon Overview and Level Annotations

Branches:
Dungeon (6/15)             Temple (1/1) D:5

Altars:
Ashenzari
Elyvilon
Fedhas
Kikubaaqudgha
Okawaru
Qazlal
Ru
Sif Muna
Vehumet
Xom
Yredelemnul
Zin
The Shining One

Annotations:
D:4 exclusion: downstairs, Burgietje's ghost, amateur MiBe


Message History

Your +0 shield glows green for a moment.
You block the centaur zombie's attack. The centaur zombie hits you.
Read which item? (? for menu, Esc to quit)
As you read the scroll labeled VYKEMI LURIURO, it crumbles to dust.
It is a scroll of identify.
Identify which item? (\ to view known items) (? for menu, Esc to quit)
f - 2 potions of agility The orc warrior closely misses you.
The centaur zombie hits you.
Drink which item? (? for menu, Esc to quit)
You feel agile all of a sudden. You block the centaur zombie's attack.
The orc warrior hits you with a flail!
* * * LOW HITPOINT WARNING * * *
Read which item? (? for menu, Esc to quit)
As you read the scroll labeled ELLUER ISMISOTA, it crumbles to dust.
You feel aware of your surroundings.
You sensed 1 altar.
It was a scroll of magic mapping.
The centaur zombie completely misses you.
The orc warrior hits you with a flail!!
Ouch! That really hurt!
You die...

##'#.#.#
*,,,,,,,,,,,***
#.#<#.#
*,***********
#.###.# *,*
#.###.#######***##,*
#......)o....,,,o#,*
#####.#######***.#,*
#.......# *.#,*
#######.####o#,*
#..ZZ@.#,*
########,*
*,*************
*,,,,,,,,,,,,,,
*,************* ***


You could see an orc warrior, an orc (fleeing) and 2 centaur zombies.

Vanquished Creatures
  Sigmund (D:3)
  2 phantoms
  3 crimson imps (D:5)
  An orc priest (D:6)
  Ijyb (D:3)
  2 hounds (D:4)
  An orc wizard (D:6)
  A hound skeleton (D:4)
  5 adders
  2 worms
  A giant gecko (D:4)
  6 orcs
  6 bats
  5 giant cockroaches
  7 hobgoblins
  4 kobolds
  A quokka (D:2)
  4 giant newts
  4 goblins
  2 kobold zombies (D:2)
  A quokka skeleton (D:4)
  5 rats
65 creatures vanquished.

Vanquished Creatures (others)
  An ooze (D:2)
  A goblin (D:2)
  A hobgoblin (D:2)
  4 jackals (D:2)
  A kobold (D:2)
  A giant gecko (D:5)
  2 fulminant prisms (D:6)
11 creatures vanquished.

Grand Total: 76 creatures vanquished

Notes
Turn   | Place    | Note
--------------------------------------------------------------
     0 | D:1      | Morphine the Deep Elf Conjurer began the quest for the Orb.
     0 | D:1      | Reached XP level 1. HP: 10/10 MP: 6/6
  1043 | D:2      | Reached XP level 2. HP: 15/15 MP: 8/8
  1262 | D:2      | Learned a level 2 spell: Searing Ray
  1306 | D:2      | Reached XP level 3. HP: 19/19 MP: 1/10
  1416 | D:2      | Found a runed door.
  1416 | D:2      | Noticed a human
  1431 | D:2      | Found a basalt altar of Yredelemnul.
  1516 | D:2      | Found a blossoming altar of Fedhas.
  1923 | D:3      | Noticed Ijyb
  1935 | D:3      | Killed Ijyb
  1935 | D:3      | Reached skill level 1 in Shields
  1935 | D:3      | Reached XP level 4. HP: 22/24 MP: 12/12
  1963 | D:3      | Noticed Sigmund
  1971 | D:3      | Killed Sigmund
  1971 | D:3      | Reached skill level 5 in Conjurations
  1971 | D:3      | Reached XP level 5. HP: 28/28 MP: 3/14
  2219 | D:3      | Found a radiant altar of Vehumet.
  2229 | D:3      | Became a worshipper of Vehumet
  2347 | D:3      | Reached skill level 5 in Spellcasting
  2347 | D:3      | Reached XP level 6. HP: 30/32 MP: 4/15
  2502 | D:3      | Found a sacrificial altar of Ru.
  2832 | D:4      | Noticed Burgietje's ghost (amateur MiBe)
  2963 | D:4      | Learned a level 4 spell: Iskenderun's Mystic Blast
  2990 | D:4      | Found an iron altar of Okawaru.
  2990 | D:4      | Found a shimmering altar of Xom.
  2990 | D:4      | Found a glowing golden altar of the Shining One.
  3101 | D:4      | Found a shattered altar of Ashenzari.
  3465 | D:5      | Entered Level 5 of the Dungeon
  3529 | D:5      | Learned a level 3 spell: Ignite Poison
  3534 | D:5      | Learned a level 4 spell: Fulminant Prism
  3625 | D:5      | Reached skill level 5 in Dodging
  3625 | D:5      | Reached skill level 6 in Conjurations
  3625 | D:5      | Reached XP level 7. HP: 22/36 MP: 6/16
  3755 | D:5      | Found a staircase to the Ecumenical Temple.
  3763 | Temple   | Entered the Ecumenical Temple
  3776 | D:5      | Found a stormy altar of Qazlal.
  4118 | D:6      | HP: 1/36 [centaur zombie (5)]
  4139 | D:6      | Demolished by an orc warrior

Vault maps used:
D:1:      dpeg_arrival_court
D:2:      lemuel_coloured_pillars_altar, dk_yredelemnul_ordeal
D:3:      lemuel_round_altar, vehumet_crystals, uniq_iyjb, uniq_sigmund
D:4:      gammafunk_temple_overflow_forgotten, lemuel_doored_altar, first_bread,
          minmay_cupped
D:5:      temple_doors_e, grunt_qazlal_clouds
D:6:      serial_undead, serial_undead_d, serial_undead_e, serial_undead_d,
          serial_undead_f, hangedman_glass_teeth, nicolae_ru_path_of_blood
Temple:   circular_temple_12

Action                   |  1- 3 |  4- 6 |  7- 9 || total
-------------------------+-------+-------+-------++-------
Melee: Whip              |    29 |    18 |     7 ||    54
 Cast: Magic Dart        |    50 |    30 |     4 ||    84
       Searing Ray       |       |    22 |     4 ||    26
       Iskenderun's Myst |       |     1 |     1 ||     2
       Fulminant Prism   |       |       |     2 ||     2
  Use: Scroll            |       |     2 |     6 ||     8
       Potion            |       |       |     2 ||     2
 Stab: Sleeping          |     2 |       |       ||     2
  Eat: Chunk             |     2 |     4 |       ||     6
       Beef jerky        |       |     1 |       ||     1
       Bread ration      |       |       |     1 ||     1
